 Dungeon Crawl Stone Soup version 0.14.0-26-g1682e81 (webtiles) character file.

593971 oldblader the Swordmaster (level 26, 0/253 (260) HPs)
             Began as a Minotaur Fighter on Apr 24, 2014.
             Was the Champion of the Shining One.
             Killed from afar by Asmodeus (29 damage)
             ... with a blast of hellfire
             ... on Level 7 of Gehenna on Apr 26, 2014.
             The game lasted 08:57:21 (106355 turns).

oldblader the Swordmaster (Minotaur Fighter)      Turns: 106355, Time: 08:57:21

HP   0/253 (260) AC 33     Str 28 (30) XL: 26   Next: 63%
MP   2/36        EV 16     Int  8 (10) God: the Shining One [******]
Gold 4601        SH 57     Dex 21      Spells:  1 memorised, 24 levels left

rFire  + + +     SeeInvis .     w - +6 Blessed Blade
rCold  + . .     Clarity  .     c - +2 plate armour {MR+}
rNeg   + + +     Conserve +     f - +2 large shield "Treurue" {MR+}
rPois  +         rCorr    .     Y - +2 hat
rElec  +         rRot     .     a - +2 cloak {rPois}
SustAb + .       Spirit   .     N - +2 pair of fencer's gloves {EV+3 Dex+3 Acc+8}
rMut   .         Warding  .     i - +0 pair of boots of Sorcery {rPois rF+}
Saprov . . .     Stasis   .     z - amulet of Udofea {Cons +Blink rF+}
MR     ++++.                    d - ring "Jaateumi" {rElec rF++ MR+}
                                j - ring of sustain abilities

@: mighty, agile, glowing, incredibly resistant to hostile enchantments,
extremely unstealthy
A: retaliatory headbutt, horns 2, wild magic 1
a: Divine Shield, Cleansing Flame, Summon Divine Warrior, Renounce Religion,
Evoke Blink
}: 2/15 runes: decaying, gossamer


You were on level 7 of Gehenna.
You worshipped the Shining One.
The Shining One was exalted by your worship.
You were not hungry.

You visited 14 branches of the dungeon, and saw 63 of its levels.
You also visited: Wizlab.

You collected 6955 gold pieces.
You spent 2354 gold pieces at shops.

Inventory:

Hand weapons
 w - a +6,+6 Blessed Blade (weapon)
Missiles
 D - 8 tomahawks of returning (quivered)
Armour
 a - a +2 cloak of poison resistance (worn)
 c - a +2 plate armour of magic resistance (worn)
 f - the +2 large shield "Treurue" (worn) {MR+}
   (You bought it in a shop on level 6 of the Dungeon)

   It affects your resistance to hostile enchantments.
 i - the +0 pair of boots of Sorcery (worn) {rPois rF+}
   (You found it on level 1 of the Crypt)

   It protects you from fire.
   It protects you from poison.
 N - the +2 pair of fencer's gloves (worn) {EV+3 Dex+3 Acc+8}
   (You found it on level 6 of the Lair of Beasts)

   It affects your evasion (+3).
   It affects your dexterity (+3).
   It affects your accuracy with ranged weapons and melee attacks (+8).
 Y - a +2 hat (worn)
Magical devices
 m - a wand of fireball (4)
 s - a wand of cold (1)
 y - a wand of heal wounds (0)
 F - a wand of lightning (2)
 J - a wand of disintegration (13)
 K - a wand of fireball (1)
 U - a wand of teleportation (4)
 V - a wand of hasting (1)
Comestibles
 l - 6 bread rations
 p - 2 sausages
 x - 5 meat rations
Scrolls
 h - a scroll of summoning
 n - a scroll of vulnerability
Jewellery
 b - an uncursed ring of sustain abilities
 d - the ring "Jaateumi" (right hand) {rElec rF++ MR+}
   (You took it off a frost giant on level 2 of the Depths)

   [ring of protection from magic]

   It greatly protects you from fire.
   It insulates you from electricity.
 g - an uncursed ring of flight
 j - a ring of sustain abilities (left hand)
 z - the amulet of Udofea (around neck) {Cons +Blink rF+}
   (You bought it in a shop on level 4 of the Orcish Mines)

   [amulet of conservation]

   It protects you from fire.
   It lets you blink.
Potions
 u - 4 potions of curing
 L - a potion of might
 M - a potion of restore abilities
 P - a potion of flight
Miscellaneous
 e - a fan of gales
 o - a plain deck of dungeons
 v - a sack of spiders {used: 1}
 O - a phial of floods


   Skills:
 - Level 25.8 Fighting
 O Level 27 Long Blades
 - Level 6.4 Throwing
 + Level 21.4 Armour
 - Level 25.2 Shields
 - Level 15.2 Invocations
 - Level 10.2 Evocations


You had 24 spell levels left.
You knew the following spells:

 Your Spells              Type           Power        Failure   Level  Hunger
a - Apportation           Tloc           #.........   99%         1    ##.....


Dungeon Overview and Level Annotations

Branches:
Dungeon (15/15)            Temple (1/1) D:7             Orc (4/4) D:10
    Elf (3/3) Orc:4          Lair (7/8) D:8           Swamp (5/5) Lair:4
 Spider (5/5) Lair:4        Slime (1/6) Lair:7       Vaults (4/5) D:14
  Blade (0/1) Vaults:3      Crypt (5/5) Vaults:2       Tomb (1/3) Crypt:3
   Hell (1/1)                 Dis (0/7) Hell            Geh (7/7) Hell
    Coc (0/7) Hell            Tar (0/7) Hell         Depths (4/5) D:15

Altars:
Ashenzari
Cheibriados
Dithmenos
Elyvilon
Fedhas
Kikubaaqudgha
Makhleb
Nemelex Xobeh
Okawaru
Sif Muna
Trog
Vehumet
Xom
Yredelemnul
Zin
The Shining One
Beogh

Shops:
D:6 *   D:8 ((   D:10 :   Orc:4 ==(?   Elf:2 [   Elf:3 [   Vaults:1 (
Vaults:2 }   Vaults:3 :   Depths:4 :

Portals:
Hell: Depths:1 Depths:2 Depths:3 Depths:4
Abyss: Depths:3 Depths:4
Pandemonium: Depths:1 Depths:3 Depths:4
Ziggurat: Depths:3

Annotations:
Swamp:2 Saint Roka
Crypt:1 Mennas
Geh:7 Asmodeus


Innate Abilities, Weirdness & Mutations

You reflexively headbutt those who attack you in melee.
You have a pair of horns on your head.
Your spells are a little harder to cast, but a little more powerful.


Message History

The Brimstone Fiend writhes in agony!
The Brimstone Fiend is moderately wounded.
The golden flame engulfs Asmodeus.
Asmodeus writhes in agony!
Asmodeus is severely wounded.
* * * LOW MAGIC WARNING * * *
You feel somewhat more hungry.
You are engulfed in roaring flames.
You resist. You block Asmodeus' attack.
The Brimstone Fiend calls on the powers of darkness!
Your body is wracked with pain!
* * * LOW HITPOINT WARNING * * *
Use which ability? (? or * to list)
You haven't enough magic at the moment.
Unknown command.
Evoke which item? (* to show all) (? for menu, Esc to quit)
You reach into the bag... ...but nothing happens.
You are engulfed in roaring flames.
You resist.
* * * LOW HITPOINT WARNING * * *
Asmodeus gestures at you.
The hellfire explodes!
The blast of hellfire engulfs you!
You die...

...#v≈§≈§ . ...#≈≈≈§≈ ..
.. ...#≈≈≈§≈≈ #..###..
...#§§v≈≈≈ ...#..
...#§≈§§≈§ .....
..##≈§§≈§ #...# ..# ≈≈
#...# ..# #§1§# ..# #§&@#
..# § ##§## ..### ≈§§
##..§## ....# ≈§≈≈
##.....##
....#§§≈≈≈##..#.#..##≈§≈
##..#§§≈≈§##.......##≈≈≈
##..#§§≈≈≈##.......##≈≈≈
....#≈§≈§§##..#.#..##≈≈≈≈
....#≈§§§≈###.....###≈≈≈


You could see Asmodeus and a Brimstone Fiend.

Vanquished Creatures
  3 ancient liches
  Boris (Crypt:2)
  Margery (Depths:3)
  Norris (Elf:1)
  Geryon (Hell)
  2 golden dragons
  5 bone dragons
  12 Brimstone Fiends
  10 liches
  5 tentacled monstrosities
  Murray (Hell)
  A titan (Depths:2)
  A quicksilver dragon (Depths:3)
  2 deep elf blademasters (Elf:3)
  3 deep elf master archers
  A storm dragon (Depths:3)
  2 eldritch tentacles
  4 sphinxes
  Rupert (Swamp:5)
  Agnes (Crypt:2)
  A thorn hunter (Depths:3)
  Kirke (D:14)
  3 shadow dragons
  6 ancient champions
  4 tengu reavers
  A revenant (Crypt:3)
  A draconian monk (Depths:3)
  8 deep elf sorcerers
  Donald (Crypt:4)
  Wiglaf (Depths:3)
  14 fire giants
  A draconian scorcher (Geh:1)
  15 vault wardens
  4 ghouls (Crypt:4)
  2 iron dragons
  11 frost giants
  5 ghost moths
  A cacodemon (Geh:3)
  18 balrugs
  8 emperor scorpions
  14 reapers
  4 war gargoyles
  8 deep elf demonologists
  20 stone giants
  2 vampire knights
  12 rakshasas
  A lorocyproca (Depths:1)
  19 salamander firebrands
  5 curse skulls
  3 dire elephants
  7 deep elf annihilators
  A minotaur (Depths:1)
  2 blizzard demons (WizLab)
  7 deep elf death magi
  14 jiangshi
  2 eidola
  2 crystal guardians (Crypt:5)
  8 yaktaur captains
  11 fire dragons
  A siren (Depths:1)
  2 quicksilver dragon zombies (Geh:1)
  Josephine (Elf:1)
  11 ettins
  3 green deaths
  2 great orbs of eyes
  5 ice dragons
  4 deep elf high priests
  Fannar (D:13)
  A quicksilver dragon skeleton (Crypt:5)
  15 ironheart preservers
  12 vault guards
  A ravenous feature mimic (Depths:4)
  A shambling mangrove (Swamp:3)
  A ravenous item mimic (Swamp:4)
  4 spriggan air magi
  4 dancing weapons
  7 deep troll earth magi
  Erica (D:10)
  16 hydras
  21 ogre magi
  An anaconda (Depths:3)
  19 death yaks
  5 deep troll shamans
  11 alligators
  3 orc high priests (Orc:4)
  4 plague shamblers
  2 vampire magi
  3 deep dwarf death knights (Crypt:1)
  6 tengu warriors
  8 spriggan berserkers
  3 spectral elves
  A shock serpent (shapeshifter) (Depths:3)
  Urug (D:10)
  2 titan zombies
  17 very ugly things
  Nergalle (Orc:4)
  4 salamander mystics
  8 hell hogs
  3 shadow wraiths
  9 soul eaters
  23 sun demons
  An iron golem (Geh:1)
  2 titan skeletons
  3 storm dragon zombies
  36 hell knights
  26 skeletal warriors
  11 centaur warriors
  19 deep elf knights
  15 deep trolls
  3 iron trolls
  A large abomination (Crypt:1)
  3 catoblepae
  4 giant orange brains
  3 ice devils
  8 hell beasts
  5 storm dragon skeletons
  A sea snake (Depths:3)
  2 spriggan druids (Swamp:5)
  2 quicksilver dragon simulacra
  5 anaconda zombies
  2 ghost moth zombies (Crypt:4)
  13 hill giants
  11 flayed ghosts
  22 orb spiders
  Erolcha (D:10)
  An anaconda skeleton (Geh:1)
  15 swamp dragons
  A torturous demonspawn (Depths:1)
  2 unseen horrors
  An ice statue (Hell)
  2 harpies
  2 shadow dragon zombies
  8 deep elf summoners
  A death drake (D:14)
  Pikel (D:5)
  A faun (shapeshifter) (Depths:3)
  5 phantasmal warriors
  45 wolf spiders
  3 golden dragon skeletons
  Joseph (D:7)
  8 wizards
  4 wolf spider zombies
  23 deep elf conjurers
  6 griffons
  17 hellions
  29 necromancers
  2 lindwurms (Depths:3)
  2 shadow dragon skeletons
  16 orc knights
  21 salamanders
  16 flaming corpses
  6 cyclopes
  2 iron dragon zombies
  8 orc sorcerers
  3 fire giant zombies
  14 ironbrand convokers
  3 iron dragon skeletons
  13 red wasps
  3 manticores
  2 frost giant zombies
  2 stone giant zombies
  7 vault sentinels
  7 elephants
  4 black mambas
  3 stone giant skeletons
  A dire elephant zombie (Geh:3)
  A mermaid (shapeshifter) (Vaults:1)
  2 small abominations
  5 fire giant skeletons
  4 frost giant skeletons
  An octopode (shapeshifter) (Depths:3)
  A shock serpent zombie (Geh:4)
  A titan simulacrum (Crypt:4)
  13 smoke demons
  An eye of devastation (Depths:3)
  A guardian serpent (Depths:3)
  2 gargoyles
  An item mimic (D:13)
  A sixfirhy (Elf:3)
  14 spiny frogs
  3 feature mimics
  A white draconian zombie (Crypt:2)
  6 molten gargoyles
  3 orange demons
  A storm dragon simulacrum (Crypt:2)
  Psyche (Orc:4)
  A naga mage (Depths:3)
  A kobold demonologist (WizLab)
  A dire elephant skeleton (Geh:1)
  2 vapours (Swamp:5)
  A salamander skeleton (Geh:3)
  7 tormentors
  8 tengu conjurers
  2 death yak zombies
  5 efreet
  3 fire drakes
  A sea snake skeleton (Crypt:3)
  46 yaktaurs
  4 guardian mummies
  15 demonic crawlers
  A grey draconian skeleton (Crypt:4)
  28 red devils
  A red draconian skeleton (Crypt:3)
  5 trolls
  4 deep elf priests
  2 harpy zombies
  2 shadow dragon simulacra
  5 iron devils
  Grinder (D:3)
  2 centaur skeletons
  6 komodo dragons
  2 green draconian skeletons
  10 freezing wraiths
  7 hydra zombies
  9 giant fireflies
  A silent spectre (Crypt:3)
  38 two-headed ogres
  2 polar bears (shapeshifter)
  17 blink frogs
  9 blue devils
  6 hydra skeletons
  4 bog bodies
  Prince Ribbit (Orc:1)
  A moth of wrath zombie (Crypt:3)
  A harpy skeleton (Crypt:1)
  8 giant leeches
  A raven (shapeshifter) (Vaults:1)
  A dwarf (shapeshifter) (Depths:2)
  30 jumping spiders
  A siren skeleton (Crypt:2)
  2 spriggan zombies
  A fire dragon zombie (Geh:4)
  4 ettin zombies
  A snapping turtle (Depths:3)
  A catoblepas skeleton (Geh:6)
  3 ice dragon zombies
  6 baby alligators
  14 ravens
  An alligator zombie (Hell)
  6 boulder beetles
  66 slime creatures
  A grizzly bear (Lair:6)
  3 fire dragon skeletons
  An alligator skeleton (Geh:7)
  65 flying skulls
  3 thorn lotuses
  2 ice dragon skeletons
  A griffon skeleton (D:11)
  A guardian serpent skeleton (Crypt:4)
  5 spriggans
  15 wraiths
  2 ynoxinuls
  53 redbacks
  8 hippogriffs
  17 trapdoor spiders
  A black mamba skeleton (Geh:3)
  An ettin skeleton (Geh:3)
  2 stone giant simulacra (Crypt:2)
  33 yaks
  A yak (shapeshifter) (Vaults:2)
  A golden eye (shapeshifter) (Depths:2)
  2 golden eyes (Depths:3)
  19 shadows
  A basilisk (D:11)
  3 hogs (D:14)
  18 fire elementals
  6 water elementals
  31 deep elf magi
  4 fire bats (Geh:4)
  4 sharks
  10 air elementals
  33 tarantellas
  2 trapdoor spiders (shapeshifter)
  A human (shapeshifter) (Depths:3)
  15 vampires
  7 hungry ghosts
  Grum (D:10)
  25 deep elf fighters
  An emperor scorpion simulacrum (Depths:1)
  3 wargs
  2 steam dragons
  3 wolves (D:10)
  3 wyverns
  An elf skeleton (Elf:1)
  48 ugly things
  2 neqoxecs (Elf:3)
  2 chaos spawn
  13 hell hounds
  6 human zombies
  A mottled dragon (shapeshifter) (Vaults:3)
  2 hippogriffs (shapeshifter)
  22 swamp worms
  2 hydra simulacra
  The ghost of TAS2012 the Ruinous, an average OpCj (D:3)
  2 spatial vortices (Geh:7)
  A glowing shapeshifter zombie (Crypt:4)
  11 necrophages
  A naga (shapeshifter) (Crypt:1)
  3 spiny frog zombies
  23 vampire mosquitoes
  A gelid demonspawn skeleton (Crypt:3)
  A mottled dragon (Vaults:1)
  12 swamp drakes
  35 spiders
  A torturous demonspawn skeleton (Crypt:3)
  A swamp drake (shapeshifter) (Depths:2)
  A baby alligator zombie (Crypt:2)
  A black bear (shapeshifter) (Vaults:2)
  20 water moccasins
  An ice beast (shapeshifter) (Depths:3)
  4 snapping turtle zombies
  A spiny frog skeleton (Crypt:2)
  A putrid demonspawn skeleton (Crypt:3)
  5 giant goldfish
  A slave (D:5)
  72 ogres
  A black bear (D:8)
  8 porcupines
  42 orc warriors
  A snapping turtle skeleton (Geh:2)
  8 ice beasts
  4 sky beasts
  A fire dragon simulacrum (D:15)
  A manticore zombie (Geh:3)
  4 phantoms
  A yellow wasp (shapeshifter) (Depths:2)
  14 centaurs
  7 yellow wasps
  An ettin simulacrum (Vaults:3)
  A mermaid skeleton (Crypt:4)
  2 lost souls
  10 crocodiles
  Sigmund (D:3)
  A manticore skeleton (Geh:6)
  A dryad zombie (Crypt:2)
  5 giant slugs
  16 giant frogs
  15 insubstantial wisps
  7 big kobolds
  A cyclops skeleton (D:13)
  2 eyes of draining
  6 scorpions
  56 wights
  A troll zombie (Geh:2)
  A water moccasin skeleton (Crypt:1)
  A yak zombie (Crypt:2)
  2 electric eels
  A yak skeleton (Orc:4)
  14 killer bees
  A spriggan skeleton (D:13)
  8 jellies
  5 goliath beetles
  2 quasits
  The ghost of 4tharraofdagon the Firebug, a weakling DEFE of Sif Muna (D:5)
  2 centaur zombies
  15 hounds
  22 crimson imps
  7 elf zombies
  A two-headed ogre zombie (D:9)
  5 big fish
  A giant frog zombie (D:13)
  35 orc priests
  3 iron imps
  A basilisk skeleton (D:15)
  A human skeleton (Geh:2)
  An iguana (shapeshifter) (Vaults:4)
  9 iguanas
  39 orc wizards
  15 orange rats
  9 worker ants
  A demigod zombie (Crypt:3)
  A big kobold zombie (Crypt:2)
  An elf simulacrum (Elf:1)
  6 sheep (Lair:4)
  Jessica (D:3)
  An ogre zombie (Depths:2)
  A mottled dragon zombie (Crypt:4)
  A basilisk simulacrum (D:14)
  An ogre skeleton (D:8)
  A hound skeleton (D:5)
  Terence (D:3)
  A hound zombie (D:7)
  14 mummies
  An orange rat skeleton (Crypt:3)
  6 gnolls
  2 orc zombies
  31 adders
  65 green rats
  A swamp drake zombie (Crypt:2)
  An inept feature mimic (D:10)
  6 shadow imps
  4 worms
  3 giant mites
  14 ufetubi
  A halfling skeleton (Crypt:4)
  An iguana zombie (Crypt:4)
  A lava snake zombie (Crypt:4)
  2 adder skeletons
  A lava snake skeleton (Crypt:1)
  11 giant eyeballs
  12 giant geckos
  4 oozes
  192 orcs
  4 ball pythons
  A bat skeleton (D:5)
  12 giant cockroaches
  22 goblins
  19 hobgoblins
  10 quokkas
  35 bats
  3 giant newts
  A goblin skeleton (Crypt:3)
  A hobgoblin zombie (Crypt:2)
  21 jackals
  80 kobolds
  A kobold skeleton (D:8)
  A kobold zombie (D:7)
  3 orc skeletons
  A quokka zombie (D:9)
  26 rats
  8 rat skeletons (Orc:4)
  20 ballistomycetes
  A briar patch (Swamp:5)
  3 crawling corpses (Depths:3)
  5 fungi
  5 plants (Crypt:2)
3337 creatures vanquished.

Vanquished Creatures (collateral kills)
  Arachne (Spider:5)
  A Hellbinder (WizLab)
  A Shadow Fiend (Elf:3)
  5 sphinxes (Tomb:1)
  A thorn hunter (Swamp:5)
  Frances (Swamp:5)
  2 deep elf sorcerers
  A draconian scorcher (Geh:1)
  A vault warden (Vaults:1)
  Aizul (Lair:4)
  2 emperor scorpions (Spider:5)
  A war gargoyle (Crypt:5)
  A reaper (Geh:1)
  A deep elf demonologist (Elf:3)
  A salamander firebrand (Geh:1)
  A stone giant (Orc:4)
  A deep elf annihilator (Elf:3)
  A vampire knight (Crypt:5)
  Snorg (Swamp:1)
  An ironheart preserver (Vaults:4)
  A mummy priest (Tomb:1)
  A crystal guardian (Crypt:5)
  A jiangshi (Crypt:5)
  A vault guard (Vaults:4)
  A spriggan air mage (Depths:3)
  An ogre mage (Vaults:2)
  4 dancing weapons (Crypt:5)
  2 hell hogs (Geh:1)
  A centaur warrior (Vaults:1)
  A sun demon (Geh:1)
  A vampire mage (Crypt:5)
  A spectral spriggan (Depths:3)
  A deep elf knight (Elf:2)
  A soul eater (Orc:4)
  5 hell knights
  A salamander mystic (Geh:1)
  9 skeletal warriors (Crypt:5)
  A ghost moth zombie (Crypt:5)
  An ice devil (Elf:3)
  3 harpies (Vaults:4)
  4 orb spiders
  A deep elf conjurer (Elf:3)
  A golden dragon skeleton (Geh:1)
  A mana viper (Depths:3)
  3 orc knights
  4 salamanders
  A fire giant zombie (Crypt:5)
  2 necromancers (Crypt:5)
  A frost giant skeleton (Crypt:5)
  A salamander zombie (Geh:3)
  A spiny frog (Swamp:1)
  An efreet (Geh:1)
  A hellwing (Elf:3)
  3 guardian mummies (Tomb:1)
  2 yaktaurs
  A harpy zombie (Crypt:5)
  2 spectral humans (Crypt:5)
  A blue devil (Elf:3)
  2 two-headed ogres (Vaults:2)
  5 jumping spiders
  2 slime creatures (Swamp:1)
  12 flying skulls
  2 redbacks (Vaults:2)
  A shadow (Tomb:1)
  5 tarantellas
  A vampire (Crypt:3)
  A trapdoor spider (Spider:5)
  2 deep elf magi
  A ynoxinul (Depths:1)
  2 fire elementals (Geh:1)
  A wraith (Crypt:5)
  5 human zombies
  A swamp worm (Swamp:5)
  A necrophage (Crypt:5)
  A swamp dragon zombie (Geh:1)
  6 hell hounds (Geh:1)
  A giant goldfish (Spider:5)
  3 orc warriors
  A snapping turtle skeleton (Crypt:5)
  An insubstantial wisp (Swamp:5)
  A spriggan zombie (Geh:1)
  3 wights (Geh:3)
  A yak skeleton (Orc:4)
  A quasit (Elf:3)
  2 orc priests (Orc:4)
  An orc wizard (Orc:4)
  A mummy (Tomb:1)
  9 orcs (Orc:4)
  2 rat skeletons (Orc:4)
173 creatures vanquished.

Vanquished Creatures (others)
  4 daevas
  A tengu reaver (Depths:2)
  5 angels
  A deep elf high priest (Elf:3)
  2 spectral elves (Elf:3)
  A centaur warrior (D:14)
  A necromancer (Depths:4)
  A hill giant (Depths:2)
  A dire elephant zombie (Geh:5)
  A spiny frog (Swamp:3)
  An air elemental (Geh:1)
  4 water elementals
  2 trapdoor spiders (Vaults:4)
  A chaos spawn (Swamp:5)
  A hell hound (Depths:3)
  2 spiders
  2 swamp drakes
  5 ogres
  10 lost souls
  A giant frog (D:14)
  A cyclops zombie (D:15)
  An electric eel (Spider:2)
  4 wights
  2 orc wizards (D:14)
  4 ufetubi (Depths:1)
  5 orcs
  3 giant spores
  A rat skeleton (Orc:4)
  2 briar patches
  22 eldritch tentacle segments
  7 plants
99 creatures vanquished.

Grand Total: 3609 creatures vanquished

Notes
Turn   | Place    | Note
--------------------------------------------------------------
     0 | D:1      | oldblader, the Minotaur Fighter, began the quest for the Orb.
     0 | D:1      | Reached XP level 1. HP: 19/19 MP: 1/1
   117 | D:1      | Reached XP level 2. HP: 23/26 MP: 1/1
   450 | D:1      | Found a shattered altar of Ashenzari.
   563 | D:1      | Reached skill level 4 in Long Blades
   653 | D:2      | Reached XP level 3. HP: 31/31 MP: 2/2
   941 | D:2      | Reached skill level 5 in Long Blades
   941 | D:2      | Reached XP level 4. HP: 35/39 MP: 2/2
  1192 | D:2      | Found a burning altar of Makhleb.
  1262 | D:2      | Reached skill level 6 in Long Blades
  1354 | D:3      | Noticed TAS2012's ghost (average OpCj)
  1502 | D:3      | Noticed Terence
  1510 | D:3      | Noticed Sigmund
  1510 | D:3      | Killed Terence
  1527 | D:3      | Reached XP level 5. HP: 23/45 MP: 2/2
  1534 | D:3      | Killed Sigmund
  1534 | D:3      | Reached skill level 7 in Long Blades
  1969 | D:3      | Noticed Grinder
  1975 | D:3      | Paralysed by Grinder for 2 turns
  1988 | D:3      | Killed Grinder
  1988 | D:3      | Reached skill level 8 in Long Blades
  1988 | D:3      | Reached XP level 6. HP: 46/51 MP: 3/3
  2042 | D:3      | Reached skill level 9 in Long Blades
  2087 | D:3      | Killed TAS2012's ghost
  2087 | D:3      | Reached XP level 7. HP: 31/57 MP: 3/3
  2137 | D:3      | Noticed Jessica
  2142 | D:3      | Killed Jessica
  2595 | D:3      | Found a roughly hewn altar of Beogh.
  2625 | D:3      | Reached skill level 10 in Long Blades
  4010 | D:4      | Reached XP level 8. HP: 50/67 MP: 3/3
  4128 | D:4      | Reached skill level 5 in Armour
  4363 | D:5      | Entered Level 5 of the Dungeon
  4370 | D:5      | Reached skill level 5 in Fighting
  4597 | D:5      | Noticed Pikel
  4670 | D:5      | Killed Pikel
  4742 | D:5      | HP: 3/73 [orc priest/divine providence (13)]
  5497 | D:5      | Noticed 4tharraofdagon's ghost (weakling DEFE)
  5499 | D:5      | Killed 4tharraofdagon's ghost
  5732 | D:5      | Reached XP level 9. HP: 72/81 MP: 4/4
  6860 | D:6      | Found Vityapsa's Assorted Antiques.
  6872 | D:6      | Bought a transparent large shield for 171 gold pieces
  6881 | D:6      | Identified the cursed +2 large shield "Treurue" {MR+} (You bought it in a shop on level 6 of the Dungeon)
  7346 | D:7      | Noticed a hill giant
  7425 | D:7      | Noticed Joseph
  7586 | D:7      | HP: 2/82 [hill giant/giant club (3)]
  7587 | D:7      | Killed a hill giant
  8631 | D:7      | Found a staircase to the Ecumenical Temple.
  8634 | D:7      | Reached skill level 10 in Armour
  8653 | Temple   | Entered the Ecumenical Temple
  8675 | Temple   | Became a worshipper of the Shining One
  8840 | D:7      | Reached skill level 10 in Fighting
  8949 | D:7      | Found a glowing silver altar of Zin.
  8984 | D:7      | Reached skill level 1 in Invocations
  9269 | D:7      | Killed Joseph
  9269 | D:7      | Reached skill level 5 in Shields
  9269 | D:7      | Reached XP level 10. HP: 86/93 MP: 6/8
  9817 | D:8      | Found Loxaitta's Weapon Emporium.
  9868 | D:8      | Found Gaklih's Antique Weapon Shoppe.
 10547 | D:8      | Found a staircase to the Lair.
 10566 | Lair:1   | Entered Level 1 of the Lair of Beasts
 10708 | Lair:1   | Reached skill level 5 in Invocations
 11112 | Lair:1   | Acquired the Shining One's first power
 11869 | Lair:2   | Reached XP level 11. HP: 84/99 MP: 17/17
 11911 | Lair:2   | Noticed a black mamba
 11916 | Lair:2   | Killed a black mamba
 11983 | Lair:2   | Noticed a four-headed hydra
 11992 | Lair:2   | Killed a hydra
 12027 | Lair:2   | Noticed a black mamba
 12031 | Lair:2   | Killed a black mamba
 12031 | Lair:2   | Reached skill level 10 in Shields
 12905 | Lair:3   | Reached skill level 11 in Shields
 12908 | Lair:3   | Found a staircase to the Swamp.
 13606 | Lair:3   | the staircase to the Swamp was a mimic.
 13893 | D:8      | Identified a scroll of acquirement
 13894 | D:8      | Got a brightly glowing broad axe
 14045 | D:9      | Noticed a hill giant
 14056 | D:9      | Killed a hill giant
 14085 | D:9      | Paralysed by a giant eyeball for 3 turns
 14166 | D:9      | Acquired the Shining One's second power
 14246 | D:9      | Found an iron altar of Okawaru.
 14425 | D:9      | Noticed a hill giant
 14433 | D:9      | Killed a hill giant
 14433 | D:9      | Reached skill level 12 in Shields
 14833 | D:10     | Entered Level 10 of the Dungeon
 14833 | D:10     | Noticed Grum
 14858 | D:10     | Killed Grum
 14858 | D:10     | Reached XP level 12. HP: 77/106 MP: 22/22
 14964 | D:10     | Noticed Urug
 14982 | D:10     | Killed Urug
 15113 | D:10     | Reached skill level 10 in Invocations
 15414 | D:10     | Found Xeyqe's Book Shoppe.
 15416 | D:10     | Noticed Erolcha
 15422 | D:10     | Killed Erolcha
 15422 | D:10     | Reached skill level 1 in Evocations
 15561 | D:10     | Noticed Erica
 15566 | D:10     | Found a staircase to the Orcish Mines.
 15574 | D:10     | Killed Erica
 15632 | D:10     | Reached skill level 13 in Shields
 15894 | Orc:1    | Entered Level 1 of the Orcish Mines
 17222 | D:11     | Reached skill level 5 in Evocations
 17623 | D:11     | Reached skill level 14 in Shields
 18861 | D:13     | Reached XP level 13. HP: 113/113 MP: 23/23
 19534 | D:13     | Reached skill level 15 in Shields
 20337 | D:13     | Noticed Fannar
 20358 | D:13     | Killed Fannar
 21050 | D:14     | Found an ancient bone altar of Kikubaaqudgha.
 21688 | D:14     | Noticed Kirke
 21709 | D:14     | Killed Kirke
 21709 | D:14     | Reached skill level 16 in Shields
 22396 | D:14     | Reached skill level 10 in Evocations
 22902 | D:14     | Found a gate to the Vaults.
 22968 | D:15     | Entered Level 15 of the Dungeon
 23320 | D:15     | Reached XP level 14. HP: 55/120 MP: 24/24
 23562 | D:15     | Acquired the Shining One's third power
 24300 | D:15     | Reached skill level 17 in Shields
 24580 | D:15     | Found a staircase to the Depths.
 25713 | Lair:4   | Found a hole to the Spider Nest.
 26078 | Lair:4   | Found a staircase to the Swamp.
 26950 | Lair:5   | Reached skill level 18 in Shields
 27446 | Lair:6   | Got a pitted crossbow
 27575 | Lair:6   | Identified Xyoseucs' Compendium of Shape Shifting and the Rocks
 27858 | Lair:6   | Acquired the Shining One's fourth power
 28361 | Lair:7   | Found a staircase to the Slime Pits.
 28820 | Slime:1  | Entered Level 1 of the Pits of Slime
 28820 | Slime:1  | Noticed an acid blob
 28958 | Lair:1   | Identified the +8,+6 crossbow of the Vendetta {velocity, Int+4} (You found it on level 6 of the Lair of Beasts)
 29184 | Spider:1 | Entered Level 1 of the Spider Nest
 29184 | Spider:1 | Noticed Aizul
 29226 | Lair:4   | Killed Aizul
 29282 | Spider:1 | HP: 4/120 [disintegration (37)]
 30175 | Spider:1 | Reached XP level 15. HP: 43/125 MP: 25/25
 30631 | Spider:2 | Noticed an emperor scorpion
 30668 | Spider:2 | Killed an emperor scorpion
 31009 | Spider:2 | Upgraded the game from 0.14.0-24-gfb45beb to 0.14.0-25-g43f8a4e
 31457 | Spider:2 | Reached skill level 19 in Shields
 32656 | Spider:3 | Reached skill level 15 in Long Blades
 34914 | Spider:4 | Reached skill level 20 in Shields
 35577 | Spider:5 | Entered Level 5 of the Spider Nest
 36559 | Spider:5 | Reached XP level 16. HP: 101/133 MP: 25/25
 37138 | Spider:5 | Noticed Arachne
 37699 | Spider:5 | Killed Arachne
 39849 | Spider:5 | Got a gossamer rune of Zot
 40626 | Lair:1   | Learned a level 1 spell: Apportation
 40746 | Swamp:1  | Entered Level 1 of the Swamp
 41326 | Swamp:1  | Noticed Snorg
 41347 | Swamp:1  | Killed Snorg
 41834 | Swamp:2  | Noticed Saint Roka
 42739 | Orc:1    | Noticed Prince Ribbit
 42757 | Orc:1    | Killed Prince Ribbit
 43516 | Orc:2    | Reached XP level 17. HP: 129/139 MP: 29/29
 44620 | Orc:4    | Entered Level 4 of the Orcish Mines
 44620 | Orc:4    | Found a staircase to the Elven Halls.
 44869 | Orc:4    | Reached skill level 1 in Throwing
 44965 | Orc:4    | Found Saarph's Jewellery Emporium.
 44970 | Orc:4    | Found Deguel's Magic Scroll Shop.
 44972 | Orc:4    | Found Thimn's Jewellery Emporium.
 44974 | Orc:4    | Found Bleidiu's Weapon Shop.
 44985 | Orc:4    | Bought the amulet of Udofea {Cons +Blink rF+} for 867 gold pieces
 44993 | Orc:4    | Bought a scroll of identify for 32 gold pieces
 45001 | Orc:4    | Bought an uncursed ring of protection from cold for 325 gold pieces
 45091 | Orc:4    | Noticed Psyche
 45096 | Orc:4    | Killed Psyche
 45226 | Orc:4    | Noticed Nergalle
 45232 | Orc:4    | Killed Nergalle
 45436 | Elf:1    | Entered Level 1 of the Elven Halls
 45576 | Elf:1    | Noticed Josephine
 45585 | Elf:1    | Killed Josephine
 46439 | Elf:2    | Noticed Norris
 46487 | Elf:1    | Killed Norris
 47008 | Elf:2    | Reached skill level 5 in Throwing
 47377 | Elf:2    | Found Vyn Ocen's Armour Boutique.
 47598 | Elf:3    | Entered Level 3 of the Elven Halls
 47598 | Elf:3    | Found Throes' Antique Armour Shoppe.
 47625 | Elf:3    | Bought a glowing cloak for 130 gold pieces
 48863 | Elf:3    | Noticed a Hell Sentinel
 48897 | Elf:3    | HP: 6/139 [deep elf conjurer/bolt of cold (21)]
 48902 | Elf:3    | Gained mutation: You tend to lose your temper in combat. [a neqoxec]
 50041 | Swamp:2  | HP: 4/140 [Saint Roka/divine providence (11)]
 53665 | Swamp:4  | Reached XP level 18. HP: 148/148 MP: 31/31
 53719 | Swamp:4  | Reached skill level 15 in Invocations
 54077 | Swamp:5  | Entered Level 5 of the Swamp
 54159 | Swamp:5  | Noticed Frances
 54216 | Swamp:5  | Noticed Rupert
 54566 | Swamp:5  | Killed Rupert
 55086 | Swamp:5  | Killed Frances
 56356 | Swamp:5  | Got a decaying rune of Zot
 57523 | Elf:2    | Bought a +3 plate armour of magic resistance for 765 gold pieces
 58842 | Depths:1 | Entered Level 1 of the Depths
 58842 | Depths:1 | Found a gateway to Hell.
 59159 | Depths:1 | HP: 1/155 [stone giant (29)]
 60500 | Hell     | Entered the Vestibule of Hell
 60500 | Hell     | Noticed Geryon
 60913 | Depths:1 | Found a one-way gate leading to the halls of Pandemonium.
 61306 | Depths:1 | Paralysed by a giant eyeball for 3 turns
 62145 | Hell     | Reached skill level 15 in Fighting
 62152 | Hell     | Reached XP level 19. HP: 56/166 MP: 17/32
 62155 | Hell     | Killed Geryon
 62800 | Depths:1 | Paralysed by a giant eyeball for 2 turns
 63564 | Hell     | Noticed Murray
 64080 | Hell     | Killed Murray
 64222 | Hell     | Reached skill level 15 in Armour
 64736 | Hell     | Found a gateway to the decaying netherworld of Tartarus.
 64828 | Hell     | Found a gateway to the freezing wastes of Cocytus.
 64971 | Hell     | Found a gateway to the Iron City of Dis.
 65342 | Hell     | Found a gateway to the ashen valley of Gehenna.
 67702 | Depths:2 | Paralysed by a giant eyeball for 3 turns
 67719 | Depths:2 | Paralysed by a giant eyeball for 3 turns
 67726 | Depths:2 | Paralysed by a giant eyeball for 3 turns
 67733 | Depths:2 | Paralysed by a giant eyeball for 2 turns
 67771 | Depths:2 | Paralysed by a giant eyeball for 2 turns
 67779 | Depths:2 | Paralysed by a giant eyeball for 3 turns
 69197 | Depths:2 | Reached XP level 20. HP: 172/187 MP: 33/33
 69676 | Depths:2 | Noticed a golden dragon
 69763 | Depths:2 | HP: 3/187 [stone giant (16)]
 70514 | Depths:2 | Got a pitted granite ring
 71389 | Depths:2 | Identified the ring "Jaateumi" {rElec rF++ MR+} (You took it off a frost giant on level 2 of the Depths)
 71640 | Depths:2 | Got a warped crossbow
 71667 | Depths:2 | Killed a golden dragon
 72166 | Depths:2 | Paralysed by a giant eyeball for 4 turns
 72430 | Depths:2 | Noticed a bone dragon
 72484 | Depths:2 | Killed a bone dragon
 73218 | Depths:3 | Paralysed by a giant eyeball for 3 turns
 73532 | Depths:3 | Found a gateway to a ziggurat.
 73840 | Depths:3 | Noticed a golden dragon
 73841 | Depths:3 | Noticed an ancient lich
 74107 | Depths:3 | Noticed Margery
 74134 | Depths:3 | Killed Margery
 74149 | Depths:3 | Reached XP level 21. HP: 140/200 MP: 34/34
 74550 | Depths:3 | Killed a golden dragon
 74865 | Hell     | Identified the +4,+10 crossbow of the Big Bang {velocity, +Fly} (You took it off a spriggan on level 2 of the Depths)
 75586 | Depths:3 | Found a one-way gate to the infinite horrors of the Abyss.
 76170 | Depths:3 | Noticed Wiglaf
 76195 | Depths:3 | Paralysed by the power of Zot for 5 turns
 76514 | Depths:3 | Killed Wiglaf
 77015 | Depths:3 | Killed an ancient lich
 77118 | Depths:3 | Got a heavily runed chain mail
 77633 | Hell     | Identified the +7 chain mail "Ywicas" {+Fly SInv} (You took it off a deep elf master archer on level 3 of the Depths)
 78673 | Depths:4 | Found Ukhlirghi's Book Shop.
 78674 | Depths:4 | Paralysed by a giant eyeball for 2 turns
 79532 | Depths:4 | Paralysed by a giant eyeball for 2 turns
 79825 | Depths:4 | Paralysed by a giant eyeball for 4 turns
 80028 | Depths:4 | Reached skill level 21 in Shields
 80090 | Depths:4 | Reached XP level 22. HP: 186/211 MP: 34/34
 81331 | Temple   | Identified a +5,+5 Blessed Blade (a +4,+5 demon blade of flaming blessed by the Shining One)
 81964 | Elf:3    | Got a fine ivory ring
 82378 | Elf:3    | Got a wavering iron ring
 82789 | Elf:3    | Got a warped jade amulet
 82793 | Elf:3    | Identified the Guide on Dislocation
 82797 | Elf:3    | Identified the Almanac of Confrontation and the Rocks
 83101 | Orc:4    | Bought 2 scrolls of identify for 64 gold pieces
 83399 | Vaults:1 | Entered Level 1 of the Vaults
 84192 | Vaults:1 | Reached skill level 22 in Shields
 84746 | Vaults:1 | Identified the ring of Mestem {Ice +Rage SInv} (You took it off a deep elf knight on level 3 of the Elven Halls)
 84746 | Vaults:1 | Identified the ring "Rudgh" {MP+9 SInv} (You took it off a deep elf knight on level 3 of the Elven Halls)
 84746 | Vaults:1 | Identified the amulet "Smil" {Inacc rElec rC+ MR+ Stlth+} (You found it on level 3 of the Elven Halls)
 85230 | Vaults:1 | Found Gelaa's Weapon Shoppe.
 86404 | Vaults:2 | Found a magical portal.
 86419 | WizLab   | Entered a wizard's laboratory
 86874 | WizLab   | Found a burning altar of Makhleb.
 86996 | WizLab   | Identified Sif Muna's Reference Book on Enchanting Summoning (You found it in a wizard's laboratory)
 87000 | WizLab   | Identified the Volume of Creation (You found it in a wizard's laboratory)
 87955 | Vaults:2 | Reached XP level 23. HP: 217/217 MP: 34/34
 88106 | Vaults:2 | Found Minil's Gadget Shoppe.
 88192 | Vaults:2 | Found a staircase to the Crypt.
 88192 | Vaults:2 | Found a basalt altar of Yredelemnul.
 88192 | Vaults:2 | Found an ancient bone altar of Kikubaaqudgha.
 88247 | Vaults:2 | Found an iron altar of Okawaru.
 88310 | Vaults:2 | Reached skill level 23 in Shields
 88655 | Vaults:2 | Got a jewelled falchion
 89755 | Vaults:2 | Identified the cursed +1,+1 falchion "Phiemod" {elec, MR++} (You found it on level 2 of the Vaults)
 89886 | Vaults:3 | Found a staircase to the Hall of Blades.
 90142 | Vaults:3 | Found Ysiank's Book Shop.
 92845 | Vaults:4 | Found a radiant altar of Vehumet.
 92862 | Vaults:4 | Got an encrusted hat
 92869 | Vaults:4 | Identified the cursed -4 hat of Vexation {+Rage Dex+1 Int+2} (You found it on level 4 of the Vaults)
 92934 | Vaults:4 | Reached skill level 24 in Shields
 94871 | Crypt:1  | Entered Level 1 of the Crypt
 95260 | Crypt:1  | Reached XP level 24. HP: 212/220 MP: 29/35
 95485 | Crypt:1  | Got a pair of slimy boots
 95488 | Crypt:1  | Identified the +0 pair of boots of Sorcery {rPois rF+} (You found it on level 1 of the Crypt)
 95750 | Crypt:1  | Noticed Mennas
 96325 | Crypt:2  | Noticed Agnes
 96427 | Crypt:2  | Killed Agnes
 96514 | Crypt:2  | Noticed Boris
 96529 | Crypt:2  | Killed Boris
 96529 | Crypt:2  | Reached skill level 25 in Shields
 96771 | Crypt:2  | Noticed an ancient lich
 96778 | Crypt:2  | Killed an ancient lich
 96790 | Crypt:2  | Gained mutation: You are partially covered in iridescent scales (AC +4). [potion of beneficial mutation]
 96793 | Crypt:2  | Got a fine steel ring
 97329 | Crypt:3  | Found a staircase to the Tomb.
 98043 | Crypt:4  | Identified the ring of the Leaf {Hunger rC++ Str+3 SInv} (You found it on level 2 of the Crypt)
 98183 | Crypt:4  | Lost mutation: You tend to lose your temper in combat. [potion of cure mutation]
 98183 | Crypt:4  | Lost mutation: You are partially covered in iridescent scales (AC +4). [potion of cure mutation]
 98661 | Crypt:4  | Noticed Donald
 98677 | Crypt:4  | Killed Donald
 99476 | Crypt:5  | Entered Level 5 of the Crypt
100047 | Crypt:5  | Identified the Volume of Stolen Souls and Self-Improvement
100131 | Crypt:5  | Reached XP level 25. HP: 231/231 MP: 36/36
100288 | Crypt:5  | Found a basalt altar of Yredelemnul.
100288 | Crypt:5  | Noticed an ancient lich
100293 | Crypt:5  | Killed an ancient lich
100341 | Crypt:5  | Got a fine turquoise ring
100355 | Crypt:5  | Got a wavering bone ring
100355 | Crypt:5  | Got a twitching amber ring
100378 | Crypt:5  | Identified the ring of Trepidation {rElec rN+ Int+3} (You found it on level 5 of the Crypt)
100378 | Crypt:5  | Identified the ring "Feluete" {rN+ Dex+1 Int+2 Acc+2} (You found it on level 5 of the Crypt)
100378 | Crypt:5  | Identified the ring of the Forgotten Gods {rN+ Str-1 Int-4 Acc-5 Curse} (You found it on level 5 of the Crypt)
100398 | Crypt:5  | Identified Kikubaaqudgha's Grimoire of Evil Secrets (You found it on level 5 of the Crypt)
100689 | Tomb:1   | Entered Level 1 of the Tomb of the Ancients
101969 | Hell     | Upgraded the game from 0.14.0-25-g43f8a4e to 0.14.0-26-g1682e81
102032 | Geh:1    | Entered Level 1 of Gehenna
102144 | Geh:1    | Reached skill level 26 in Long Blades
103222 | Geh:2    | Gained mutation: Your spells are a little harder to cast, but a little more powerful. [mutagenic glow]
103743 | Geh:3    | Reached skill level 27 in Long Blades
104717 | Geh:2    | Reached XP level 26. HP: 246/246 MP: 36/36
105410 | Geh:6    | Paralysed by the power of Zot for 4 turns
105549 | Geh:7    | Entered Level 7 of Gehenna
106316 | Geh:7    | Noticed Asmodeus
106350 | Geh:7    | HP: 7/253 [balrug/divine providence[Asmodeus] (13)]
106352 | Geh:7    | The Shining One protects you from harm!
106355 | Geh:7    | Killed from afar by Asmodeus

Action                   |  1- 3 |  4- 6 |  7- 9 | 10-12 | 13-15 | 16-18 | 19-21 | 22-24 | 25-27 || total
-------------------------+-------+-------+-------+-------+-------+-------+-------+-------+-------++-------
Melee: Long sword        |    72 |   108 |   575 |   995 |  2079 |  2758 |  2671 |   719 |       ||  9977
       Scimitar          |       |       |       |    55 |       |       |       |       |       ||    55
       Falchion          |       |       |       |       |       |    21 |       |       |       ||    21
       Eudemon blade     |       |       |       |       |       |       |       |  2128 |  1287 ||  3415
Throw: Tomahawk          |       |     3 |    28 |    20 |     9 |    10 |    36 |     5 |       ||   111
       Javelin           |       |       |       |     3 |     5 |     4 |       |       |       ||    12
Invok: Divine Shield     |       |       |       |     1 |     6 |     5 |     2 |     1 |       ||    15
       Summon Divine War |       |       |       |       |     2 |    11 |     1 |     4 |     3 ||    21
       Cleansing Flame   |       |       |       |       |       |    15 |    24 |    10 |    18 ||    67
 Abil: Evoke Blink       |       |       |       |       |       |     2 |       |     2 |     6 ||    10
       Evoke Flight      |       |       |       |       |       |     1 |       |       |       ||     1
Evoke: Wand              |       |       |       |     5 |    57 |    22 |     4 |     4 |     7 ||    99
       Fan of gales      |       |       |       |       |       |       |       |     1 |     1 ||     2
       Phial of floods   |       |       |       |       |       |       |       |     1 |     1 ||     2
       Sack of spiders   |       |       |       |       |       |       |       |     1 |     1 ||     2
  Use: Scroll            |       |       |    24 |     7 |    14 |    14 |     7 |    28 |     6 ||   100
       Potion            |       |       |       |     2 |     6 |     7 |     5 |     2 |    11 ||    33
 Stab: Distracted        |       |       |       |       |       |     7 |       |     4 |     2 ||    13
       Fleeing           |       |       |       |       |       |     1 |       |     2 |       ||     3
       Sleeping          |       |       |       |       |       |       |       |     1 |       ||     1
